 Dungeon Crawl Stone Soup version 0.23.2-40-g277498a001 (webtiles) character file.

Game seed: 11426753113359109476

255546 KamiKatze the Hoplite (level 19, -12/157 HPs)
             Began as a Merfolk Berserker on Oct 18, 2019.
             Was the Champion of Trog.
             Mangled by Mennas
             ... wielding a +0 eudemon blade of holy wrath
              (15 damage)
             ... on level 2 of the Vaults on Oct 20, 2019.
             The game lasted 03:32:55 (40307 turns).

KamiKatze the Hoplite (Merfolk Berserker)          Turns: 40307, Time: 03:32:55

Health: -12/157    AC: 17    Str: 33    XL:     19   Next: 78%
Magic:  29/29      EV: 26    Int:  8    God:    Trog [******]
Gold:   3401       SH: 26    Dex: 21    Spells: 18/18 levels left

rFire    + . .     SeeInvis .   a - +7 demon trident (elec)
rCold    + . .     Gourm    .   o - +0 large shield
rNeg     . . .     Faith    .   F - +0 swamp dragon scales
rPois    +         Spirit   .   T - +0 helmet of the Gusle {MR+ Str+5}
rElec    .         Reflect  .   G - +1 cloak of Xuxkeggo {rF+ Dex+3}
rCorr    .         Harm     .   v - +0 pair of fencer's gloves {Riposte Dex+3}
MR       +++..                  W - +0 pair of boots
Stlth    +.........             h - amulet of regeneration
HPRegen  0.76/turn              s - ring "Araunor" {rC+ MR+ MP+9 Str+4}
MPRegen  0.21/turn              X - +4 ring of slaying

@: berserk cooldown, glowing, silenced
A: change form in water, swift swim, stealthy swim, clever 1
}: 2/15 runes: decaying, gossamer
a: Renounce Religion


You were on level 2 of the Vaults.
You worshipped Trog.
Trog was exalted by your worship.
You were near starving.

You visited 7 branches of the dungeon, and saw 34 of its levels.
You also visited: Ice Cave.

You collected 4211 gold pieces.
You spent 810 gold pieces at shops.

Inventory:

Hand Weapons
 a - a +7 demon trident of electrocution (weapon)
 w - a +2 trident of venom
 z - a +3 antimagic trident
 P - a +1 demon trident of freezing
Missiles
 B - 38 tomahawks (quivered)
 C - 5 throwing nets
 V - 3 javelins
Armour
 o - a +0 large shield (worn)
 v - the +0 pair of fencer's gloves (worn) {Riposte Dex+3}
   (You found it on level 1 of the Lair of Beasts)

   It affects your dexterity (+3).
 y - a +1 pair of gloves of dexterity
 F - +0 swamp dragon scales (worn)
 G - the +1 cloak of Xuxkeggo (worn) {rF+ Dex+3}
   (You acquired it on level 3 of the Swamp)

   It affects your dexterity (+3).
   It protects you from fire.
 T - the +0 helmet of the Gusle (worn) {MR+ Str+5}
   (You found it in an ice cave)

   It affects your strength (+5).
   It affects your resistance to hostile enchantments.
 W - a +0 pair of boots (worn)
Jewellery
 h - an amulet of regeneration (around neck)
 i - an uncursed ring of fire
 j - an uncursed ring of see invisible
 s - the ring "Araunor" (left hand) {rC+ MR+ MP+9 Str+4}
   (You found it on level 1 of the Spider Nest)

   [ring of protection from magic]

   It affects your strength (+4).
   It protects you from cold.
   It affects your resistance to hostile enchantments.
   It affects your magic capacity (+9).
 M - a +2 ring of intelligence
 X - a +4 ring of slaying (right hand)
 Y - an uncursed ring of protection from cold
Wands
 d - a wand of disintegration (35)
 q - a wand of clouds (8)
 r - a wand of flame (117)
 t - a wand of enslavement (17)
 u - a wand of acid (21)
 I - a wand of iceblast (27)
 Q - a wand of polymorph (43)
 R - a wand of scattershot (4)
Scrolls
 e - 2 scrolls of summoning
 n - 2 scrolls of magic mapping
 p - 9 scrolls of remove curse
 E - 5 scrolls of blinking
 H - 5 scrolls of fog
 L - 3 scrolls of teleportation
 N - a scroll of enchant armour
 O - 11 scrolls of identify
Potions
 b - 2 potions of haste
 f - 5 potions of heal wounds
 g - 9 potions of curing
 k - 3 potions of invisibility
 l - 5 potions of might
 m - a potion of cancellation
 x - 4 potions of lignification
 A - 2 potions of resistance
 D - 5 potions of ambrosia
 J - a potion of magic
 K - 5 potions of flight
 U - 3 potions of agility
Comestibles
 c - 53 rations


   Skills:
 + Level 16.0 Fighting
 - Level 14.5 Polearms
 + Level 11.2 Armour
 + Level 17.7 Dodging
 * Level 21.3 Shields
 - Level 2.0 Evocations


You had 18 spell levels left.
You didn't know any spells.
Your spell library was empty.

Dungeon Overview and Level Annotations

Branches:
Dungeon (15/15)            Temple (1/1) D:7            Lair (6/6) D:11
  Swamp (4/4) Lair:3       Spider (4/4) Lair:3        Slime (0/5) Lair:6
    Orc (2/2) D:9             Elf (0/3) Orc:2        Vaults (2/5) D:13
 Depths (0/5) D:15
  Crypt: Vaults:2-3

Altars:
Ashenzari
Cheibriados
Dithmenos
Elyvilon
Fedhas
Gozag
Hepliaklqana
Kikubaaqudgha
Makhleb
Nemelex Xobeh
Okawaru
Qazlal
Ru
Sif Muna
Trog
Uskayaw
Vehumet
Wu Jian
Xom
Yredelemnul
Zin
The Shining One
Beogh

Shops:
D:14 *   Orc:2 (%[*=   Vaults:1 (

Portals:
Trove: D:14 (give +2 storm dragon scales)

Annotations:
Vaults:2 Mennas


Innate Abilities, Weirdness & Mutations

You revert to your normal form in water You are very nimble and swift while swimming.
You are very stealthy in the water. (Stealth+)
Your mind is acute. (Int +2)


Message History

Mennas is severely wounded.
Mennas hits you with a +0 eudemon blade of holy wrath.
* * * LOW HITPOINT WARNING * * *
Mennas hits you with a +0 eudemon blade of holy wrath!
* * * LOW HITPOINT WARNING * * *
Mennas blocks your attack.
Mennas is severely wounded.
You block Mennas's attack. x2
Mennas blocks your attack.
Mennas is severely wounded.
Mennas blocks your attack.
Mennas is severely wounded.
Mennas hits you with a +0 eudemon blade of holy wrath!!
* * * LOW HITPOINT WARNING * * *
You block Mennas's attack. Mennas blocks your attack.
Mennas is severely wounded.
You block Mennas's attack.
Mennas hits you with a +0 eudemon blade of holy wrath!
You die...

##+####
#^....#
#.....#
+..A@.#
#######


You could see Mennas.

Vanquished Creatures
  the Lernaean hydra (Swamp:4)
  Arachne (Spider:3)
  Rupert (Lair:3)
  Kirke (Swamp:4)
  Frances (D:14)
  4 thorn hunters
  An orc warlord (Orc:1)
  A frost giant (IceCv)
  A vault warden (Vaults:1)
  2 ghost moths (Spider:4)
  Aizul (Swamp:3)
  7 emperor scorpions
  The ghost of fritzmikael the Thrower, a journeyman GnHu of Ashenzari (Spider:1)
  Louise (Spider:4)
  2 ironheart preservers (Vaults:1)
  A stone giant (Vaults:1)
  A war gargoyle (Vaults:1)
  An entropy weaver (Spider:2)
  A spark wasp (Spider:1)
  The ghost of KamiKatze the Cleaver, a journeyman MfBe of Trog (D:10)
  Josephine (Lair:3)
  A fire dragon (D:13)
  The ghost of jepsan the Carver, a journeyman MiFi of Elyvilon (Lair:1)
  3 yaktaur captains (Vaults:1)
  An ice dragon (Vaults:1)
  28 hydras
  2 rakshasas
  3 ghost crabs
  A shambling mangrove (Swamp:2)
  Erica (D:9)
  8 centaur warriors
  10 alligators
  2 dancing weapons (D:13)
  3 ogre magi (Vaults:1)
  14 two-headed ogres
  2 death knights
  A queen ant (Lair:3)
  9 death yaks
  A tengu warrior (D:13)
  3 orc high priests
  3 unseen horrors
  2 skeletal warriors
  9 swamp dragons
  A glowing orange brain (Vaults:1)
  A flayed ghost (Vaults:1)
  A necromancer (D:15)
  2 phantasmal warriors
  5 deep elf magi
  6 orc knights
  16 orb spiders
  2 ironbrand convokers (Vaults:1)
  An oklob plant (Lair:6)
  2 wolf spider zombies (D:13)
  2 orc sorcerers (Orc:2)
  21 ugly things
  2 manticores
  A stone giant zombie (D:15)
  An iron dragon skeleton (D:15)
  3 moths of wrath
  23 wolf spiders
  5 cyclopes
  5 black mambas
  6 vault sentinels (Vaults:1)
  An ice statue (IceCv)
  3 centaur zombies
  2 torpor snails
  5 gargoyles
  8 komodo dragons
  27 spiny frogs
  3 freezing wraiths
  10 demonic crawlers
  9 yaktaurs (Vaults:1)
  An efreet (D:13)
  A guardian mummy (D:15)
  6 trolls
  39 jumping spiders
  16 slime creatures
  17 polar bears
  A deep troll zombie (D:15)
  12 tyrant leeches
  Grinder (D:4)
  5 bog bodies
  10 hippogriffs
  Prince Ribbit (Lair:3)
  19 hornets
  6 dream sheep (Lair:5)
  38 blink frogs
  A fire dragon skeleton (D:15)
  A tarantella (shapeshifter) (D:13)
  4 shadows
  4 wyverns
  72 redbacks
  8 spriggans
  34 tarantellas
  10 wraiths
  44 yaks
  A vampire (D:11)
  2 hogs (Swamp:4)
  A water elemental (D:11)
  3 hungry ghosts
  21 vampire mosquitoes
  The ghost of Turgon the Sneak, an amateur OpFi (D:3)
  14 swamp worms
  2 wargs (D:11)
  6 acid dragons
  12 water moccasins
  4 insubstantial wisps (Swamp:2)
  A soldier ant (shapeshifter) (D:13)
  7 soldier ants
  11 porcupines
  6 sky beasts
  16 swamp drakes
  3 black bears
  44 orc warriors
  A hornet zombie (D:13)
  7 ice beasts
  4 boggarts (Lair:4)
  2 eyes of draining
  3 phantoms
  21 ogres
  27 centaurs
  38 wolves
  13 crocodiles
  A big kobold (D:10)
  36 bullfrogs
  A gnoll sergeant (D:9)
  3 scorpions
  A water moccasin zombie (D:5)
  A human simulacrum (Vaults:1)
  20 killer bees
  5 howler monkeys
  10 wights
  12 electric eels
  A bullfrog zombie (D:9)
  2 lava snakes (D:9)
  4 quasits
  9 crimson imps
  19 orc wizards
  9 hounds
  20 orc priests
  2 bullfrog skeletons
  3 centaur skeletons
  18 jellies
  Natasha (thrice) (D:3)
  3 iguanas
  19 worker ants
  A killer bee zombie (D:9)
  4 hound skeletons
  A howler monkey skeleton (D:6)
  2 worker ant zombies
  12 adders
  25 gnolls
  4 shadow imps
  12 white imps
  An ooze (D:2)
  An adder zombie (D:5)
  An adder skeleton (D:4)
  3 dart slugs
  3 leopard geckos
  93 orcs
  A ball python (D:6)
  8 bats
  5 giant cockroaches
  7 goblins
  7 hobgoblins
  3 jackals (D:1)
  17 kobolds
  5 quokkas
  8 frilled lizards
  A jackal zombie (D:5)
  A quokka skeleton (D:4)
  10 rats
  A briar patch (Swamp:1)
  A bush (D:2)
  A butterfly (D:7)
  3 plants (Lair:6)
1380 creatures vanquished.

Vanquished Creatures (collateral kills)
  2 yaks (Lair:4)
  A bullfrog (Lair:4)
3 creatures vanquished.

Vanquished Creatures (others)
  Asterion (Spider:2)
  A jumping spider (Spider:4)
  A blink frog (Swamp:1)
  A human (Swamp:4)
  A tarantella (Spider:2)
  An orc (D:9)
  A bush (Lair:4)
  17 fungi
  41 plants
  A withered plant (D:15)
66 creatures vanquished.

Grand Total: 1449 creatures vanquished

Notes
Turn   | Place    | Note
-------+----------+-------------------------------------------
     0 | D:1      | KamiKatze the Merfolk Berserker began the quest for the
                  | Orb.
     0 | D:1      | Reached XP level 1. HP: 18/18 MP: 1/1
    23 | D:1      | Reached XP level 2. HP: 17/24 MP: 2/2
    25 | D:1      | Reached skill level 5 in Polearms
   295 | D:1      | Reached ** piety under Trog
   297 | D:1      | Reached XP level 3. HP: 30/30 MP: 3/3
   705 | D:2      | Found a snail-covered altar of Cheibriados.
   786 | D:2      | Reached XP level 4. HP: 37/37 MP: 4/4
   927 | D:2      | Found a glowing silver altar of Zin.
   927 | D:2      | Found an iron altar of Okawaru.
  1104 | D:2      | Reached XP level 5. HP: 43/43 MP: 5/5
  1643 | D:3      | Found a transporter.
  1646 | D:3      | Noticed Turgon's ghost (amateur OpFi)
  1647 | D:3      | Noticed an ogre
  1648 | D:3      | Noticed an ogre
  1648 | D:3      | Identified the +4 dire flail of Recklessness {freeze, rPois
                  | MR+ Str-4}
  1648 | D:3      | Noticed an ogre
  1651 | D:3      | Found a transporter.
  1985 | D:3      | Reached *** piety under Trog
  2037 | D:3      | Noticed Natasha
  2060 | D:3      | Killed Natasha
  2067 | D:3      | Noticed Natasha
  2108 | D:3      | Killed Natasha
  2108 | D:3      | Reached XP level 6. HP: 43/50 MP: 6/6
  2396 | D:3      | Noticed Natasha
  2407 | D:3      | Killed Natasha
  2407 | D:3      | Reached skill level 5 in Fighting
  2527 | D:4      | Noticed Grinder
  2542 | D:4      | Paralysed by Grinder for 7 turns
  2574 | D:4      | Paralysed by Grinder for 4 turns
  2581 | D:4      | Killed Grinder
  2581 | D:4      | Reached XP level 7. HP: 43/56 MP: 7/7
  2887 | D:4      | Reached skill level 10 in Polearms
  3261 | D:5      | Entered Level 5 of the Dungeon
  3568 | D:5      | Reached skill level 1 in Shields
  3568 | D:5      | Reached XP level 8. HP: 46/64 MP: 8/8
  3734 | D:5      | Reached skill level 2 in Shields
  4431 | D:5      | Reached **** piety under Trog
  4741 | D:6      | Reached skill level 3 in Shields
  4861 | D:6      | Reached XP level 9. HP: 65/71 MP: 9/9
  4890 | D:6      | Reached skill level 4 in Shields
  4987 | D:6      | Reached skill level 5 in Dodging
  5062 | D:6      | Found an ancient bone altar of Kikubaaqudgha.
  5076 | D:6      | Found a shimmering altar of Xom.
  5081 | D:6      | Found a shadowy altar of Dithmenos.
  5396 | D:6      | Found a transporter.
  5533 | D:6      | Noticed a freezing wraith
  5534 | D:6      | Found a basalt altar of Yredelemnul.
  5590 | D:6      | Reached skill level 5 in Shields
  5628 | D:6      | Found a transporter.
  5921 | D:7      | Found a glowing golden altar of the Shining One.
  5943 | D:7      | Found a staircase to the Ecumenical Temple.
  5962 | Temple   | Entered the Ecumenical Temple
  6252 | D:7      | Found a radiant altar of Vehumet.
  6340 | D:7      | Reached XP level 10. HP: 79/79 MP: 10/10
  6354 | D:7      | Reached ***** piety under Trog
  6387 | D:7      | Reached skill level 6 in Shields
  6999 | D:8      | Noticed a two-headed ogre
  7010 | D:8      | Killed a two-headed ogre
  7276 | D:8      | Found a shattered altar of Ashenzari.
  7313 | D:8      | Reached skill level 7 in Shields
  7899 | D:9      | Found a stormy altar of Qazlal.
  7902 | D:9      | Found a sacrificial altar of Ru.
  7947 | D:9      | Found a glowing golden altar of the Shining One.
  8009 | D:9      | Reached XP level 11. HP: 56/87 MP: 11/11
  8027 | D:9      | Noticed a two-headed ogre
  8045 | D:9      | Killed a two-headed ogre
  8045 | D:9      | Reached skill level 8 in Shields
  8209 | D:9      | Noticed a two-headed ogre
  8218 | D:9      | Noticed Erica
  8243 | D:9      | Killed a two-headed ogre
  8259 | D:9      | Killed Erica
  8687 | D:9      | Reached ****** piety under Trog
  8792 | D:9      | Found a staircase to the Orcish Mines.
  8793 | D:9      | Found a roughly hewn altar of Beogh.
  9030 | D:10     | Entered Level 10 of the Dungeon
  9149 | D:10     | Reached skill level 5 in Armour
  9149 | D:10     | Reached skill level 9 in Shields
  9153 | D:10     | Received a gift from Trog
  9455 | D:10     | Found a runed translucent door.
  9456 | D:10     | Noticed KamiKatze's ghost (journeyman MfBe)
  9458 | D:10     | You fall through a shaft for 2 floors!
  9839 | D:11     | Got a dazzling leather armour
  9857 | D:10     | Identified the +1 leather armour "Zeont" {rN+ Int+3} (You
                  | found it on level 11 of the Dungeon)
 10011 | D:11     | Found a staircase to the Lair.
 10216 | D:11     | Noticed a two-headed ogre
 10226 | D:11     | Killed a two-headed ogre
 10315 | D:11     | Reached XP level 12. HP: 96/96 MP: 12/12
 10396 | D:11     | Noticed a two-headed ogre
 10410 | D:11     | Killed a two-headed ogre
 10410 | D:11     | Reached skill level 10 in Shields
 10918 | Lair:1   | Entered Level 1 of the Lair of Beasts
 10949 | Lair:1   | Noticed jepsan's ghost (journeyman MiFi)
 10950 | Lair:1   | Found the +0 pair of fencer's gloves {Riposte Dex+3}
 10958 | Lair:1   | Found a runed translucent gate.
 10958 | Lair:1   | Found a runed translucent gate.
 10958 | Lair:1   | Found a runed translucent gate.
 11433 | Lair:1   | Reached skill level 11 in Shields
 12365 | Lair:2   | Noticed a six-headed hydra
 12386 | Lair:2   | Killed a six-headed hydra
 12386 | Lair:2   | Reached skill level 12 in Shields
 12448 | Lair:2   | Received a gift from Trog
 12939 | Lair:3   | Noticed Prince Ribbit
 12970 | Lair:3   | Killed Prince Ribbit
 13088 | Lair:3   | Noticed a five-headed hydra
 13097 | Lair:3   | Killed a five-headed hydra
 13097 | Lair:3   | Reached skill level 13 in Shields
 13097 | Lair:3   | Reached XP level 13. HP: 103/103 MP: 13/13
 13549 | Lair:3   | Found a hole to the Spider Nest.
 13735 | Lair:3   | Noticed Rupert
 13754 | Lair:3   | Killed Rupert
 13754 | Lair:3   | Reached skill level 14 in Shields
 14123 | Lair:3   | Found a staircase to the Swamp.
 14395 | Lair:4   | Received a gift from Trog
 14576 | Lair:4   | Reached skill level 15 in Shields
 14596 | Lair:4   | Reached skill level 10 in Fighting
 14596 | Lair:4   | Reached skill level 10 in Dodging
 15539 | Lair:4   | Reached XP level 14. HP: 102/111 MP: 14/14
 16371 | Lair:5   | Got a transparent rapier
 16372 | Lair:5   | Identified the cursed +1 rapier "Orb Guardian's Peril"
                  | {pierce, Dex+2 Stlth+} (You found it on level 5 of the Lair
                  | of Beasts)
 16609 | Orc:1    | Entered Level 1 of the Orcish Mines
 16971 | Orc:2    | Entered Level 2 of the Orcish Mines
 16988 | Orc:2    | Found Goskioxa's Antique Armour Boutique.
 17368 | Orc:2    | Found Hafyneebb's Food Boutique.
 17406 | Orc:2    | Found a staircase to the Elven Halls.
 17439 | Orc:2    | Found Xiqoc's Jewellery Boutique.
 17463 | Orc:2    | Received a gift from Trog
 17490 | Orc:2    | Got an encrusted trident {god gift}
 17491 | Orc:2    | Identified the +6 trident of the Dungeon {speed, MR- Str+6}
                  | (Trog gifted it to you on level 2 of the Orcish Mines)
 17563 | Orc:2    | Noticed an orc warlord
 17633 | Orc:1    | Killed an orc warlord
 17633 | Orc:1    | Reached skill level 16 in Shields
 18037 | Orc:2    | Found Jiamnas's General Store.
 18269 | Orc:2    | Found Gadanloxi's Antique Weapon Shoppe.
 18650 | D:3      | Killed Turgon's ghost
 20609 | D:13     | Reached XP level 15. HP: 119/119 MP: 15/15
 20622 | D:12     | Received a gift from Trog
 21038 | D:13     | Identified the amulet "Hioranop" {Acrobat SInv}
 21314 | D:13     | Reached skill level 17 in Shields
 21666 | D:13     | Found a gate to the Vaults.
 21868 | D:14     | Noticed Frances
 21910 | D:14     | Killed Frances
 22101 | D:14     | Received a gift from Trog
 22301 | D:14     | Found a portal to a secret trove of treasure.
 22428 | D:14     | Found Ver Ugatz's Assorted Antiques.
 22666 | D:14     | Identified a scroll of acquirement
 22770 | D:15     | Entered Level 15 of the Dungeon
 22826 | D:14     | HP: 6/122 [phantasmal warrior[a death knight] (26)]
 23292 | D:15     | Found a staircase to the Depths.
 23943 | Lair:6   | Entered Level 6 of the Lair of Beasts
 24046 | Lair:6   | Found a frozen archway.
 24114 | Lair:5   | Reached XP level 16. HP: 69/128 MP: 16/16
 24430 | IceCv    | Entered an ice cave
 24714 | IceCv    | Received a gift from Trog
 25264 | IceCv    | Reached skill level 18 in Shields
 25504 | IceCv    | Got a slimy helmet
 25515 | IceCv    | Identified the cursed +0 helmet of the Gusle {MR+ Str+5}
                  | (You found it in an ice cave)
 26062 | Lair:6   | Received a gift from Trog
 26690 | Lair:6   | Found a staircase to the Slime Pits.
 27354 | Swamp:1  | Entered Level 1 of the Swamp
 27747 | Swamp:1  | Reached skill level 1 in Evocations
 28027 | Swamp:1  | Noticed a thorn hunter
 28030 | Swamp:1  | Found a deep blue altar of Sif Muna.
 28045 | Swamp:1  | Killed a thorn hunter
 28447 | Swamp:2  | Noticed a thorn hunter
 28615 | Swamp:2  | Reached XP level 17. HP: 136/136 MP: 18/18
 28646 | Swamp:2  | Received a gift from Trog
 28951 | Swamp:2  | Reached skill level 15 in Dodging
 29201 | Swamp:2  | Paralysed by a hornet for 3 turns
 29421 | Swamp:3  | Reached skill level 19 in Shields
 29868 | Swamp:3  | Got a spiked cloak
 29880 | Swamp:3  | Identified the +1 cloak of Xuxkeggo {rF+ Dex+3} (You
                  | acquired it on level 3 of the Swamp)
 30121 | Swamp:4  | Entered Level 4 of the Swamp
 30123 | Swamp:4  | Noticed Aizul
 30206 | Swamp:4  | Noticed Kirke
 30226 | Swamp:4  | Killed Kirke
 30401 | Swamp:3  | Killed Aizul
 31595 | Swamp:4  | Received a gift from Trog
 31767 | Swamp:4  | Noticed the 27-headed Lernaean hydra
 31798 | Swamp:4  | Killed the 27-headed Lernaean hydra
 32072 | Swamp:4  | Got a decaying rune of Zot
 32461 | Lair:1   | Killed jepsan's ghost
 32658 | Orc:2    | Bought a pair of glowing gloves for 270 gold pieces
 32670 | Orc:2    | Bought a pair of glowing gloves for 270 gold pieces
 32748 | Orc:2    | Bought a runed shield for 270 gold pieces
 33000 | Spider:1 | Entered Level 1 of the Spider Nest
 33000 | Spider:1 | Noticed Josephine
 33012 | Lair:3   | Killed Josephine
 33012 | Lair:3   | Reached skill level 10 in Armour
 33012 | Lair:3   | Reached XP level 18. HP: 139/146 MP: 19/19
 33361 | Spider:1 | Found a transporter.
 33361 | Spider:1 | Noticed fritzmikael's ghost (journeyman GnHu)
 33428 | Spider:1 | Found a transporter.
 33673 | Spider:1 | Received a gift from Trog
 33847 | Spider:2 | Noticed Asterion
 33884 | Spider:2 | Gained mutation: Your mind is acute. (Int +2) [a cacodemon]
 33884 | Spider:2 | Killed Asterion
 34064 | Spider:2 | Reached skill level 20 in Shields
 34549 | Spider:3 | Received a gift from Trog
 34750 | Spider:3 | Noticed Arachne
 34769 | Spider:3 | Killed Arachne
 34769 | Spider:3 | Reached skill level 15 in Fighting
 34868 | Spider:3 | Got a pitted leather armour
 34890 | Spider:2 | Identified the +2 leather armour "Hyonenuts" {Str+5} (You
                  | found it on level 3 of the Spider Nest)
 35078 | Spider:4 | Entered Level 4 of the Spider Nest
 35414 | Spider:4 | Noticed Louise
 35429 | Spider:4 | Killed Louise
 35480 | Spider:4 | Received a gift from Trog
 36334 | Spider:4 | Reached XP level 19. HP: 155/155 MP: 20/20
 36600 | Spider:4 | Received a gift from Trog
 36755 | Spider:4 | Got a gossamer rune of Zot
 37510 | D:10     | Killed KamiKatze's ghost
 37872 | Spider:1 | Killed fritzmikael's ghost
 38010 | Spider:1 | Got a sparkling lapis lazuli ring
 38044 | Spider:1 | Identified the ring "Araunor" {rC+ MR+ MP+9 Str+4} (You
                  | found it on level 1 of the Spider Nest)
 38282 | Vaults:1 | Entered Level 1 of the Vaults
 38523 | Vaults:1 | Found Giruiz's Weapon Emporium.
 38562 | Vaults:1 | Got a slimy ring mail
 38594 | Vaults:1 | Identified the +3 ring mail of Objectivity {Str+2 Int+2}
                  | (You found it on level 1 of the Vaults)
 39187 | Vaults:1 | Reached skill level 21 in Shields
 39628 | Vaults:1 | Received a gift from Trog
 40241 | Vaults:2 | Noticed Mennas
 40306 | Vaults:2 | HP: 3/157 [Mennas/+0 eudemon blade of holy wrath (25)]
 40307 | Vaults:2 | Mangled by Mennas

Skill      XL: |  1  2  3  4  5  6  7  8  9 10 11 12 13 14 15 16 17 18 19 |
---------------+----------------------------------------------------------+-----
Polearms       | 5 6 7 8 9 10 11 12 13 14 | 14.5
Fighting       | 4 5 6 7 8 9 10 11 12 13 14 15 16 | 16.0
Dodging        | 3 4 6 7 9 10 12 13 14 15 16 17 | 17.7
Shields        | 1 3 5 7 9 13 15 16 17 18 19 20 21 | 21.3
Armour         | 2 3 4 5 6 7 8 9 10 11 | 11.2
Evocations     | 2 |  2.0

Action                   |  1- 3 |  4- 6 |  7- 9 | 10-12 | 13-15 | 16-18 | 19-21 || total
-------------------------+-------+-------+-------+-------+-------+-------+-------++-------
Melee: Spear             |   120 |   310 |   335 |       |       |       |       ||   765
       Trident           |       |       |   247 |  1077 |  1728 |  2588 |   154 ||  5794
       Tailslap          |       |       |     1 |       |     8 |    93 |    10 ||   112
       Demon trident     |       |       |       |    17 |   135 |       |   451 ||   603
Throw: Stone             |       |     8 |     2 |       |       |       |       ||    10
       Tomahawk          |       |       |       |     1 |     7 |    20 |     1 ||    29
Invok: Berserk           |       |     2 |     3 |     8 |     5 |     3 |     1 ||    22
       Trog's Hand       |       |     2 |       |     1 |     6 |     3 |     5 ||    17
Evoke: Wand              |       |       |       |       |       |     6 |     7 ||    13
  Use: Scroll            |       |     3 |     9 |     9 |    13 |     6 |     8 ||    48
       Potion            |       |       |       |     1 |       |     4 |     2 ||     7
 Stab: Sleeping          |     1 |     1 |       |       |       |       |       ||     2
       Confused          |       |       |       |       |       |     4 |       ||     4
       Invisible         |       |       |       |       |       |     5 |       ||     5
       Held in net/web   |       |       |       |       |       |     1 |       ||     1
  Eat: Chunk             |       |     8 |    16 |    30 |    34 |    34 |    11 ||   133
       Ration            |       |       |       |     1 |     3 |     3 |     1 ||     8
Armor: Animal skin       |     4 |       |       |       |       |       |       ||     4
       Leather armour    |    10 |     7 |       |       |       |       |       ||    17
       Ring mail         |       |    36 |    50 |       |    33 |    17 |       ||   136
       Scale mail        |       |       |    20 |   215 |   224 |    47 |       ||   506
       Plate armour      |       |       |       |       |       |   174 |       ||   174
       Swamp dragon scal |       |       |       |       |       |   175 |    52 ||   227
Dodge: Dodged            |    56 |    58 |   196 |   491 |   454 |  1028 |   200 ||  2483
Block: Large shield      |       |       |       |   170 |  1379 |  2178 |   489 ||  4216
       Rpst.: Trident    |       |       |       |       |       |    73 |    12 ||    85
       Demon trident     |       |       |       |       |       |       |    28 ||    28
